 Dungeon Crawl Stone Soup version 0.29.1-12-g30fa7ad0bf (webtiles) character file.

Game seed: 14492978322997178457

161 ilikebread the Ruffian (level 5, -1/44 HPs)
             Began as a Ghoul Gladiator on Dec 31, 2022.
             Was a Follower of Uskayaw.
             Slain by Natasha (4 damage)
             ... on level 2 of the Dungeon.
             The game lasted 00:10:06 (2936 turns).

ilikebread the Ruffian (Ghoul Gladiator)            Turns: 2936, Time: 00:10:07

Health: -1/44      AC:  6    Str: 20    XL:     5   Next: 42%
Magic:  4/4        EV: 11    Int:  3    God:    Uskayaw [*.....]
Gold:   102        SH:  0    Dex: 10    Spells: 4/4 levels left

rFire   . . .      SeeInvis .     - Unarmed
rCold   + . .      Faith    .   (no shield)
rNeg    + + +      Spirit   .   m - +0 ring mail
rPois   ∞          Reflect  .   b - +0 helmet
rElec   .          Harm     .   (no cloak)
rCorr   .          Rampage  .   (no gloves)
Will    .....                   (no boots)
Stlth   +.........              (no amulet)
HPRegen 0.00/turn               (no ring)
MPRegen 0.09/turn               (no ring)

@: inhibited regen, slowed, very slow
A: claws 1, cold resistance 1, negative energy resistance 3, inhibited
regeneration, torment resistance 2, devour on kill
a: Renounce Religion, Stomp


You were on level 2 of the Dungeon.
You worshipped Uskayaw.
Uskayaw was noncommittal.
You visited 1 branch of the dungeon, and saw 2 of its levels.

You collected 102 gold pieces.

Inventory:

Hand Weapons
 o - a +0 sling
Missiles
 c - 3 throwing nets (quivered)
 d - a javelin
Armour
 a - a +0 leather armour
 b - a +0 helmet (worn)
 h - a +0 robe
 m - a +0 ring mail (worn)
 p - a +0 leather armour
Scrolls
 g - 3 scrolls of teleportation {unknown}
 i - a scroll of immolation {unknown}
 j - a scroll of blinking {unknown}
Potions
 e - a potion of brilliance {unknown}
 f - a potion of haste
 k - a potion of heal wounds {unknown}
 l - a potion of curing {unknown}
 n - a potion of ambrosia {unknown}


   Skills:
 + Level 2.8 Fighting
 + Level 1.9 Throwing
 + Level 1.8 Armour
 + Level 3.4 Dodging
 + Level 0.3 Stealth
 + Level 4.9 Unarmed Combat


You had 4 spell levels left.
You didn't know any spells.
Your spell library contained the following spells:

 Spells                   Type           Power      Damage    Failure   Level
 Summon Small Mammal      Summ           0%         N/A       71%         1
 Call Canine Familiar     Summ           0%         N/A       97%         3
 Ozocubu's Armour         Ice            0%         N/A       97%         3
 Summon Guardian Golem    Hex/Summ       0%         N/A       97%         3
 Animate Dead             Necr           0%         N/A       100%        4
 Metabolic Englaciation   Hex/Ice        0%         N/A       100%        5
 Simulacrum               Ice/Necr       0%         N/A       100%        6
 Haunt                    Necr/Summ      0%         N/A       100%        7
 Infestation              Necr           0%         N/A       100%        8


Dungeon Overview and Level Annotations

Branches:
Dungeon (2/15)

Altars:
Uskayaw

Annotations:
D:2 Natasha


Innate Abilities, Weirdness & Mutations

You are immune to poison.
You have sharp fingernails.
Your flesh is cold resistant. (rC+)
You are immune to negative energy. (rN+++)
You do not regenerate when monsters are visible.
You are immune to unholy pain and torment.
You thrive by killing the living.


Message History

Natasha closely misses you. The crimson imp barely misses you.
You barely miss Natasha.
Natasha is moderately wounded.
Natasha casts a spell at you. You resist with some effort.
The crimson imp hits you but does no damage.
You barely miss Natasha.
Natasha is lightly wounded.
The crimson imp disappears in a puff of smoke!
Natasha casts a spell at you. The magic dart hits you.
Natasha claws you but does no damage.
You claw Natasha!
Natasha is almost dead.
Natasha claws you but does no damage.
You scratch Natasha.
You kill Natasha!
You feel better.
Natasha yowls pathetically as she dies!
You can now pass through a line of other dancers.
You start resting.
Natasha, Servant of Life and Death comes into view.
Natasha hisses angrily.
Natasha hisses.
Natasha casts a spell at you. The magic dart hits you!
You barely miss Natasha. Natasha claws you.
* * * LOW HITPOINT WARNING * * *
Natasha claws you but does no damage.
You scratch Natasha.
Natasha is heavily wounded.
Natasha claws you.
* * * LOW HITPOINT WARNING * * *
You closely miss Natasha.
Natasha is heavily wounded.
Natasha claws you.
* * * LOW HITPOINT WARNING * * *
You scratch Natasha.
Natasha is severely wounded.
Natasha claws you.
You die...

##.# #.....###..####.##### #.
##.###.##)...............# #.
......###...###.####.###.### #.
..#.### #.<.# #.......5....# #.
..#.#####...###..###.##....#####.
..#..............# #..........##.
..#######...###..# ####....##.##.
..#######...# #..# #####.#.##<#..
..........†.# #.@###.......##.#.#
..#######.#.# #.h........#.##.#.#
..# #.#.# ##.###.#####....... ..#
#.#.# #.#.#.# #.##.#.# )## #.#.#
#..#..# #.##.#.#
.########...####.###.#####.##.#.#
.............†..## ##......##.#.#
.###############.###.....####....
...# ##.#.####.# ###..


You could see Natasha.

Vanquished Creatures
  Natasha (twice) (D:2)
  Robin (D:2)
  3 adders (D:2)
  A dart slug (D:2)
  6 ball pythons
  5 endoplasms
  6 giant cockroaches
  11 hobgoblins
  4 jackals
  6 kobolds
  A quokka (D:2)
  4 bats
  16 goblins
66 creatures vanquished.

Notes
Turn   | Place    | Note
-------+----------+-------------------------------------------
     0 | D:1      | ilikebread the Ghoul Gladiator began the quest for the Orb.
     0 | D:1      | Reached XP level 1. HP: 17/17 MP: 0/0
   171 | D:2      | Reached XP level 2. HP: 24/24 MP: 1/1
   562 | D:2      | Noticed Robin
   592 | D:2      | Killed Robin
   593 | D:2      | Reached XP level 3. HP: 9/30 MP: 2/2
   915 | D:2      | Noticed Natasha
   921 | D:2      | Killed Natasha
   922 | D:2      | Reached skill level 1 in Armour
   922 | D:2      | Reached skill level 4 in Unarmed Combat
   922 | D:2      | Reached XP level 4. HP: 32/37 MP: 3/3
  2013 | D:1      | Found a faded altar of an unknown god.
  2035 | D:1      | Reached XP level 5. HP: 42/42 MP: 4/4
  2048 | D:1      | Prayed at the altar of an unknown god.
  2048 | D:1      | Became a worshipper of Uskayaw the Reveller
  2048 | D:1      | Reached * piety under Uskayaw
  2895 | D:2      | Noticed Natasha
  2919 | D:2      | Killed Natasha
  2919 | D:2      | Reached ** piety under Uskayaw
  2929 | D:2      | Noticed Natasha
  2936 | D:2      | Slain by Natasha

Illustrated notes

Levels and vault maps discovered:
D:1:      lemuel_arrival_room, layout_rooms, basic_ecumenical_altar
D:2:      layout_loops_ring, uniq_natasha, uniq_robin

Skill      XL: |  1  2  3 |
---------------+----------+-----
Dodging        | 3 |  3.4
Armour         | 1 |  1.8
Unarmed Combat | 4 |  4.9
Fighting       | |  2.8
Throwing       | |  1.9
Stealth        | |  0.3

Action                   |  1- 3 |  4- 6 || total
-------------------------+-------+-------++-------
Melee: Unarmed           |    82 |   130 ||   212
       Punch             |       |     2 ||     2
Armor: Leather armour    |    24 |    20 ||    44
       Ring mail         |       |    24 ||    24
Dodge: Dodged            |    39 |    91 ||   130
